 Dungeon Crawl Stone Soup version 0.26.1-11-gd32895ea62 (webtiles) character file.

Game seed: 316482921880939041

95 Zeld the Sneak (level 4, -1/25 HPs)
             Began as a Kobold Enchanter on June 14, 2021.
             Slain by a worm (6 damage)
             ... on level 2 of the Dungeon.
             The game lasted 00:03:13 (3249 turns).

Zeld the Sneak (Kobold Enchanter)                   Turns: 3249, Time: 00:03:14

Health: -1/25      AC:  2    Str:  5    XL:     4   Next: 95%
Magic:  7/8        EV: 15    Int: 17    God:
Gold:   69         SH:  0    Dex: 15    Spells: 2/8 levels left

rFire    . . .     SeeInvis .   a - +1 dagger
rCold    . . .     Faith    .   (shield restricted)
rNeg     . . .     Spirit   .   b - +0 robe
rPois    .         Reflect  .   (no helmet)
rElec    .         Harm     .   (no cloak)
rCorr    .         Rampage  .   (no gloves)
Will     .....                  (no boots)
Stlth    ++++......             (no amulet)
HPRegen  0.08/turn              (no ring)
MPRegen  0.11/turn              (no ring)

@: no status effects
A: small, nightstalker 3
a: no special abilities


You were on level 2 of the Dungeon.
You visited 1 branch of the dungeon, and saw 2 of its levels.

You collected 69 gold pieces.

Inventory:

Hand Weapons
 a - a +1 dagger (weapon)
Armour
 b - a +0 robe (worn)
Scrolls
 d - 2 scrolls of blinking {unknown}
 e - 2 scrolls of enchant armour {unknown}
 f - 2 scrolls of identify {unknown}
 h - 2 scrolls of enchant weapon {unknown}
 k - a scroll of remove curse {unknown}
Potions
 c - a potion of degeneration {unknown}
 g - 2 potions of heal wounds {unknown}
 i - a potion of haste {unknown}
 j - a potion of attraction {unknown}


   Skills:
 + Level 1.2 Fighting
 * Level 3.2 Short Blades
 - Level 2.4 Dodging
 + Level 4.4 Stealth
 + Level 2.7 Spellcasting
 * Level 3.8 Hexes


You had 2 spell levels left.
You knew the following spells:

 Your Spells              Type           Power        Failure   Level
a - Corona                Hex            16%          3%          1
b - Ensorcelled Hibernat  Hex/Ice        16%          12%         2
c - Confusing Touch       Hex            15%          11%         3

Your spell library contained the following spells:

 Spells                   Type           Power        Failure   Level
 Tukima's Dance           Hex            15%          11%         3
 Dazzling Flash           Conj/Hex       16%          24%         3


Dungeon Overview and Level Annotations

Branches:
Dungeon (2/15)

Altars:


Innate Abilities, Weirdness & Mutations

You are small and have problems with some larger weapons.
You are completely attuned to the shadows.


Message History

You are too injured to fight recklessly!
You are too injured to fight recklessly!
You are too injured to fight recklessly!
You are too injured to fight recklessly!
The hobgoblin completely misses you. The hobgoblin barely misses you.
Casting: Ensorcelled Hibernation (safe; 12% risk of failure)
Confirm with . or Enter, or press ? or * to list all spells.
Aiming: Corona (safe; 3% risk of failure)
Press: ? - help, Shift-Dir - straight line, f - hobgoblin
Aim: a hobgoblin, wielding a +0 club (lightly wounded, chance to affect: 69%)
The hobgoblin is outlined in light.
The hobgoblin misses you.
You are too injured to fight recklessly!
You hit the goblin but do no damage. The goblin completely misses you.
You hit the goblin.
You kill the goblin!
The hobgoblin hits you with a +0 club.
* * * LOW HITPOINT WARNING * * *
The hobgoblin misses you. The worm bites you.
You die...

#.# #.# #'## #.#
...## #####.####
....## #.........#
..รท..##
#.#.#.#.#.#
......###.........#
......'.......>...#
......###....#....#
.....## #.#.###g@.#
)...## #....!!.w#.#
...## #?.....).#.#
..## #..#####.#.#
..# #.. ..#.# ...
##.# (..


You could see a worm and a hobgoblin (corona).

Vanquished Creatures
  A hound (D:2)
  2 adders (D:2)
  A worm (D:2)
  2 dart slugs (D:1)
  A leopard gecko (D:1)
  5 bats (D:1)
  2 giant cockroaches
  6 goblins
  5 hobgoblins (D:2)
  2 jackals (D:2)
  3 kobolds
  3 frilled lizards (D:1)
  6 rats
39 creatures vanquished.

Notes
Turn   | Place    | Note
-------+----------+-------------------------------------------
     0 | D:1      | Zeld the Kobold Enchanter began the quest for the Orb.
     0 | D:1      | Reached XP level 1. HP: 10/10 MP: 3/3
   258 | D:1      | Reached XP level 2. HP: 5/16 MP: 1/5
   792 | D:1      | Learned a level 2 spell: Ensorcelled Hibernation
  1551 | D:1      | Reached XP level 3. HP: 20/20 MP: 3/6
  1555 | D:1      | Learned a level 3 spell: Confusing Touch
  2374 | D:2      | Reached skill level 1 in Fighting
  2404 | D:2      | Reached XP level 4. HP: 25/25 MP: 7/7
  3249 | D:2      | Slain by a worm

Illustrated notes

Levels and vault maps discovered:
D:1:      dpeg_arrival_tiny_i, layout_basic, corexii_leaking_fountain,
          minmay_tall_x
D:2:      layout_loops_corners, chequers_serial_rivers_large_a,
          minmay_pentomino_o4

Skill      XL: |  1  2  3 |
---------------+----------+-----
Short Blades   | 2 3 |  3.2
Fighting       | 1 |  1.2
Dodging        | |  2.4
Stealth        | |  4.4
Spellcasting   | |  2.7
Hexes          | |  3.8

Action                   |  1- 3 |  4- 6 || total
-------------------------+-------+-------++-------
Melee: Dagger            |   117 |    63 ||   180
 Cast: Corona            |    17 |     3 ||    20
       Ensorcelled Hiber |     4 |     5 ||     9
       Confusing Touch   |     1 |       ||     1
 Stab: Sleeping          |    12 |     8 ||    20
Armor: Robe              |    15 |     3 ||    18
Dodge: Dodged            |    82 |    43 ||   125
